Freya, lawful female dwarven Valkyrie ------------- #.....<......| ###|...........| ------------- #############+.....*.....| ---- .`.........`.# # ### |...........| |... |.....`.....|### # # ............| |..........?. ########-..I-----...|# ------+------ |... |...|.{.|...| | |..`|{.{|`..| |...|.{.|...| |...--.--...| |.....`.....| |`.........`- ------------- Freya the Skirmisher Experience level: 5 Strength: 17 Dexterity: 11 Constitution: 19 Intelligence: 8 Wisdom: 11 Charisma: 9 Health: 0(62) Energy: 10(10) Def: 9 Gold: 642 Moves: 2759 Dungeon seed: mNqGFs8YvYHbKUcs Game ID: Freya_1518373881 Your Inventory: Coins $ - 642 gold pieces Weapons a - a +1 long sword (weapon in hand) b - a +0 dagger Armor e - an uncursed +3 small shield (being worn) n - an uncursed +0 scale mail (being worn) r - a blessed +0 elven leather helm (being worn) Comestibles g - an uncursed tin of gecko meat j - an uncursed clove of garlic m - an uncursed apple Potions o - an uncursed potion of full healing Tools d - an uncursed tin whistle l - an uncursed skeleton key Spells and supernatural/magical abilities: Name Level Category Fail Memory W - pray for help -- divine ? -- Your skills at the end: Fighting Skills Weapon Skills dagger [Basic] long sword [Basic] Spellcasting Skills Final Attributes: You were piously aligned. You were cold resistant. You were poison resistant. You were blinded. You had infravision. You were stealthy. You are dead. Vanquished creatures: 4 bugbears 2 ponies a fog cloud a shrieker a gnome lord a ghoul 3 giant ants a rothe an iguana 2 coyotes 2 gas spores 6 hobgoblins 2 giant rats 2 cave spiders a yellow mold 2 green molds a gnome zombie a gecko 6 jackals a fox 2 goblins 5 sewer rats 2 grid bugs a bat 2 lichens 5 newts 58 creatures vanquished. Voluntary challenges: You were an atheist. You used a wielded weapon 53 times, starting on turn 15. You read items or engraved 2 times, starting on turn 1136. You never genocided any monsters. You never polymorphed an object. You never changed form. You used no wishes. You never split a pudding. You never wrote Elbereth's name. You never violated your personal moral code. Dungeon overview: The Dungeons of Doom: levels 1 to 7 Level 1 a long staircase Level 2 a sink a long staircase Level 3 a potion shop, some fountains Level 4 a general store, a fountain Level 5 a sink Level 6 a throne Level 7 <- You were here many fountains History has recorded: On T:1 you entered the Dungeons of Doom to retrieve the Amulet of Yendor! On T:374 you reached level 2 of The Dungeons of Doom. On T:865 you reached level 3 of The Dungeons of Doom. On T:937 you reached level 4 of The Dungeons of Doom. On T:1046 you advanced to experience level 2. On T:1292 you reached level 5 of The Dungeons of Doom. On T:1545 you advanced to experience level 3. On T:2095 you reached level 6 of The Dungeons of Doom. On T:2113 you advanced to experience level 4. On T:2187 you advanced to experience level 5. On T:2600 you reached level 7 of The Dungeons of Doom. Score breakdown: Gold: 642 ( 9552 points) Experience: 5 levels (11141 points) Exploration: 7 levels ( 13.73%) (10392 points) Discoveries: 2 items ( 0.81%) ( 2705 points) Valuables value: (no points given unless you survive) Artifact value: 0 ( 0 points) Variety of kills: 26 monsters ( 6.82%) ( 7836 points) Turncount: 2759 turns ( -476 points) Survival: died (score multiplied by 80%) Total score: 32920 Latest messages: You miss the giant ant. The giant ant bites! (2x) You displace x. You hear some noises. You displace your housecat. You displace x. You miss the giant ant. The giant ant bites! The giant ant misses. You miss the giant ant. The giant ant bites! You hear water falling on coins. You kill the giant ant! You displace x. You hit the giant ant! The giant ant bites! (2x) You see here a statue of a plains centaur. You hear some noises. You hear some noises in the distance. You see here a statue of a plains centaur. The raven bites! The raven misses. The raven bites! The raven blinds you! It bites! You die... Final status: Farvel Freya the Valkyrie, killed by a raven... You died in The Dungeons of Doom on dungeon level 7 with 32920 points, and 642 pieces of gold, after 2759 moves. You were level 5 with a maximum of 62 hit points when you died.